 Dungeon Crawl Stone Soup version 0.29-a0-582-ge82337ba6a (webtiles) character file.

Game seed: 15056484129347969268

114 vulpzor the Shield-Bearer (level 4, -4/41 HPs)
             Began as a Minotaur Fighter on June 15, 2022.
             Was a Follower of the Shining One.
             Slain by an orc priest
             ... wielding a +0 whip
              (5 damage)
             ... on level 3 of the Dungeon.
             The game lasted 00:03:34 (1622 turns).

vulpzor the Shield-Bearer (Minotaur Fighter)        Turns: 1622, Time: 00:03:35

Health: -4/41      AC:  7    Str: 20    XL:     4   Next: 66%
Magic:  3/3        EV:  9    Int:  5    God:    the Shining One [*.....]
Gold:   114        SH:  5    Dex: 12    Spells: 3/3 levels left

rFire   . . .      SeeInvis .   a - +0 long sword
rCold   . . .      Faith    .   c - +0 buckler
rNeg    . . .      Spirit   .   b - +0 scale mail
rPois   .          Reflect  .   (helmet restricted)
rElec   .          Harm     .   (no cloak)
rCorr   .          Rampage  .   (no gloves)
Will    .....                   (no boots)
Stlth   ..........              (no amulet)
HPRegen 0.13/turn               (no ring)
MPRegen 0.08/turn               (no ring)

@: glowing
A: horns 2, retaliatory headbutt
a: Renounce Religion, Divine Shield


You were on level 3 of the Dungeon.
You worshipped the Shining One.
The Shining One was aware of your devotion.
You visited 1 branch of the dungeon, and saw 4 of its levels.

You collected 114 gold pieces.

Inventory:

Hand Weapons
 a - a +0 long sword (weapon)
Armour
 b - a +0 scale mail (worn)
 c - a +0 buckler (worn)
Scrolls
 e - 4 scrolls of identify {unknown}
 f - 2 scrolls of enchant weapon {unknown}
 h - 3 scrolls of teleportation {unknown}
 j - a scroll of poison {unknown}
 k - a scroll of silence {unknown}
 n - a scroll of noise {unknown}
 o - a scroll of immolation {unknown}
Potions
 d - a potion of might
 g - a potion of haste {unknown}
 i - a potion of curing
 l - a potion of berserk rage {unknown}
 m - a potion of lignification {unknown}


   Skills:
 + Level 4.5 Fighting
 + Level 3.5 Long Blades
 + Level 4.5 Armour
 + Level 4.6 Shields


You had 3 spell levels left.
You didn't know any spells.
Your spell library contained the following spells:

 Spells                   Type           Power      Damage    Failure   Level
 Apportation              Tloc           0%         N/A       88%         1
 Necrotize                Necr           0%         1d4       88%         1
 Slow                     Hex            0%         N/A       88%         1
 Summon Small Mammal      Summ           0%         N/A       88%         1
 Sublimation of Blood     Necr           0%         N/A       96%         2
 Confusing Touch          Hex            0%         N/A       99%         3
 Vampiric Draining        Necr           0%         2d6       99%         3
 Petrify                  Tmut/Erth      0%         N/A       100%        4
 Irradiate                Conj/Tmut      0%         3d13      100%        5


Dungeon Overview and Level Annotations

Branches:
Dungeon (4/15)
 Temple: D:4-7

Altars:
The Shining One


Innate Abilities, Weirdness & Mutations

You have a pair of horns on your head.
You reflexively headbutt those who attack you in melee.


Message History

You hit the orc.
You kill the orc!
You feel sick. The adder completely misses you.
You slash the adder!
The adder is severely wounded.
You feel sick.
You are no longer poisoned.
You block the adder's attack.
You hit the adder.
You kill the adder!
The ball python bites you. The ball python grabs you.
The ball python constricts you.
You slash the ball python!
You kill the ball python!
The orc priest invokes the aid of Beogh against you.
Beogh smites you!
* * * LOW HITPOINT WARNING * * *
The endoplasm freezes you.
You are frozen.
* * * LOW HITPOINT WARNING * * *
It was a potion of curing.
You feel better.
The endoplasm hits you but does no damage.
You are too injured to fight recklessly!
You are too injured to fight recklessly!
You slash the endoplasm!
You kill the endoplasm!
You hit the orc priest but do no damage.
The orc priest calls down the wrath of Beogh upon you.
Beogh smites you!
* * * LOW HITPOINT WARNING * * *
You hit the orc priest.
The orc priest is lightly wounded.
The orc priest hits you with a +0 whip.
* * * LOW HITPOINT WARNING * * *
The orc priest hits you with a +0 whip. The Shining One protects you from harm!
You hit the orc priest.
The orc priest is moderately wounded.
The orc priest hits you with a +0 whip.
You die...

..# #.# .. #.# ..
#.# ##. ..# ...
#.## ## #####
#..#..###
......###w.......
#..@oo.##....
#####).......
#.##.$.. ...
...[. #.## ....
#<# ... ..# ...
#.


You could see a worm, an orc priest and an orc.

Vanquished Creatures
  Ijyb (D:3)
  3 adders
  A dart slug (D:1)
  4 orcs (D:3)
  4 endoplasms
  A giant cockroach (D:1)
  4 goblins
  6 jackals
  A quokka (D:1)
  8 ball pythons
  7 bats
  A frilled lizard (D:1)
  7 kobolds
  4 rats
52 creatures vanquished.

Notes
Turn   | Place    | Note
-------+----------+-------------------------------------------
     0 | D:1      | vulpzor the Minotaur Fighter began the quest for the Orb.
     0 | D:1      | Reached XP level 1. HP: 19/19 MP: 0/0
    59 | D:1      | Reached XP level 2. HP: 27/27 MP: 1/1
   436 | D:1      | Found a faded altar of an unknown god.
   445 | D:1      | Reached XP level 3. HP: 28/33 MP: 2/2
   445 | D:1      | Prayed at the altar of an unknown god.
   445 | D:1      | Became a worshipper of the Shining One
   445 | D:1      | Reached * piety under the Shining One
  1472 | D:2      | Reached XP level 4. HP: 40/40 MP: 3/3
  1573 | D:3      | You fall into a shaft and drop 1 floor!
  1597 | D:3      | Noticed Ijyb
  1607 | D:3      | Killed Ijyb
  1620 | D:3      | HP: 2/41 [orc priest/divine providence (7)]
  1621 | D:3      | The Shining One protects you from harm!
  1622 | D:3      | Slain by an orc priest

Illustrated notes

Levels and vault maps discovered:
D:1:      ebering_trefoil_twist, layout_basic, ebering_ecumenical_altar_box
D:2:      layout_basic, dk_noncrumbling_2
D:3:      layout_rooms, yredelemnul_altar_generic, serial_shops, shop, uniq_ijyb
D:4:      layout_loops_ring, lexackson_kobold_supper

Skill      XL: |  1  2 |
---------------+-------+-----
Shields        | 4 |  4.6
Fighting       | 4 |  4.5
Armour         | 4 |  4.5
Long Blades    | 3 |  3.5

Action                   |  1- 3 |  4- 6 || total
-------------------------+-------+-------++-------
Melee: Long sword        |   104 |    22 ||   126
       Headbutt          |    13 |     2 ||    15
  Use: Potion            |       |     1 ||     1
Armor: Scale mail        |    72 |    10 ||    82
Dodge: Dodged            |    63 |    10 ||    73
Block: Buckler           |    38 |     7 ||    45

Table legend: (Time is in decaauts)
 A = Elapsed time spent in this place.
 B = Non-inter-level travel time spent in this place.
 C = Inter-level travel time spent in this place.
 D = Time resting spent in this place.
 E = Time spent auto-exploring this place.
 F = Levels seen in this place.
 G = Mean time per level.
                   A        B        C        D        E       F      G
               +--------+--------+--------+--------+--------+-----+--------+
         Total |   1657 |   1657 |      0 |      0 |   1230 |   4 |  414.2 |
       Dungeon |   1657 |   1657 |      0 |      0 |   1230 |   4 |  414.2 |
               +--------+--------+--------+--------+--------+-----+--------+

Top non-repeatable levels by time:
     D:1: 932 daAuts
     D:2: 670 daAuts
     D:3: 30 daAuts
     D:4: 23 daAuts
